 Dungeon Crawl Stone Soup version 0.20-a0-537-g052e6ba (webtiles) character file.

95 HAL9000 the Slasher (level 4, -6/35 HPs)
             Began as a Barachian Berserker on Jan 27, 2017.
             Was a Believer of Trog.
             Mangled by a gnoll (8 damage)
             ... on level 2 of the Dungeon.
             The game lasted 00:04:48 (3186 turns).

HAL9000 the Slasher (Barachian Berserker)           Turns: 3186, Time: 00:04:49

Health: -6/35      AC:  3    Str: 15    XL:     4   Next: 66%
Magic:  4/4        EV: 13    Int:  5    God:    Trog [**....]
Gold:   79         SH:  0    Dex: 16    Spells: 3/3 levels left

rFire    . . .     SeeInvis .   a - +0 falchion
rCold    . . .     Gourm    .   b - +0 animal skin
rNeg     . . .     Faith    .   (no shield)
rPois    .         Spirit   .   p - +0 hat
rElec    .         Reflect  .   (no cloak)
rCorr    .         Harm     .   h - +0 pair of gloves
MR       .....                  (no boots)
Stlth    ++........             (no amulet)
Regen    0.2/turn               s - ring of stealth
                                i - +5 ring of dexterity

@: slow
A: swims, slowness 1, strong legs 1
a: Hop, Berserk, Trog's Hand, Burn Spellbooks, Renounce Religion


You were on level 2 of the Dungeon.
You worshipped Trog.
Trog was pleased with you.
You were hungry.

You visited 1 branch of the dungeon, and saw 2 of its levels.

You collected 79 gold pieces.

Inventory:

Hand Weapons
 a - a +0 falchion (weapon)
Missiles
 t - 6 tomahawks (quivered)
Armour
 b - a +0 animal skin (worn)
 h - a +0 pair of gloves (worn)
 p - a +0 hat (worn)
Jewellery
 i - a +5 ring of dexterity (left hand)
 s - a ring of stealth (right hand)
Scrolls
 e - 2 scrolls of identify {unknown}
 f - 2 scrolls of magic mapping {unknown}
 l - a scroll of fog {unknown}
 m - a scroll of teleportation {unknown}
 o - a scroll of random uselessness {unknown}
Potions
 g - a potion of berserk rage {unknown}
 k - 2 potions of invisibility {unknown}
 r - a potion of brilliance {unknown}
 v - a potion of degeneration {unknown}
 w - a potion of heal wounds {unknown}
Comestibles
 c - a bread ration
 d - 2 royal jellies
 j - 4 fruits
 u - 2 meat rations


   Skills:
 - Level 3.2 Fighting
 + Level 5.7 Long Blades
 - Level 2.1 Armour
 - Level 2.0 Dodging


You had 3 spell levels left.
You didn't know any spells.

Dungeon Overview and Level Annotations

Branches:
Dungeon (2/15)

Altars:


Innate Abilities, Weirdness & Mutations

You can swim through water.
You cover ground slowly.
You can hop short distances.


Message History

The gnoll hits you!
You closely miss the gnoll.
The gnoll is moderately wounded.
The gnoll closely misses you. The gnoll misses you.
The gnoll barely misses you.
You hit the gnoll.
The gnoll is heavily wounded.
The gnoll closely misses you. The gnoll barely misses you. x2
You barely miss the gnoll.
The gnoll is heavily wounded.
The gnoll hits you.
The gnoll hits you from afar with a halberd!
* * * LOW HITPOINT WARNING * * *
The gnoll hits you from afar with a halberd.
* * * LOW HITPOINT WARNING * * *
The gnoll barely misses you.
You riposte.
You hit the gnoll but do no damage.
The gnoll is heavily wounded.
The gnoll closely misses you. The gnoll hits you!
You die...

#####.#....#.#####.#########.####
...........#.......# #..........#
........(..#######.###.#####.##..
...###...### #.......# #.....
.........### #.#.##..# ######
...........# #.#.....#
....##.<##.## #.#.##.##
........#...####..#.#.#
.......##.......@.....#
.#####.##...#####g..### .#
#.###### ##g## .# #...#### #g# .#
#......# ##.##
.#####.<....#####...##
............#........#
............#.##.....#
##.##.......# #.....#


You could see 3 gnolls.

Vanquished Creatures
  Ijyb (D:2)
  2 adders (D:2)
  2 worms (D:2)
  A dart slug (D:1)
  A giant cockroach (D:2)
  7 goblins
  6 hobgoblins
  7 jackals
  8 kobolds
  4 bats
  6 rats
45 creatures vanquished.

Notes
Turn   | Place    | Note
-------+----------+-------------------------------------------
     0 | D:1      | HAL9000 the Barachian Berserker began the quest for the Orb.
     0 | D:1      | Reached XP level 1. HP: 18/18 MP: 1/1
   144 | D:1      | Reached XP level 2. HP: 24/24 MP: 2/2
   149 | D:1      | Reached skill level 4 in Long Blades
   461 | D:1      | Reached XP level 3. HP: 29/29 MP: 3/3
  1750 | D:2      | Reached ** piety under Trog
  1903 | D:2      | Noticed Ijyb
  1916 | D:2      | Killed Ijyb
  1916 | D:2      | Reached skill level 5 in Long Blades
  1916 | D:2      | Reached XP level 4. HP: 24/35 MP: 4/4
  3177 | D:2      | HP: 1/35 [gnoll/halberd (5)]
  3186 | D:2      | Mangled by a gnoll

Vault maps used:
D:1:      dpeg_arrival_lava_altar, hangedman_decor_peaks_small
D:2:      uniq_iyjb

Skill      XL: |  1  2  3 |
---------------+----------+-----
Long Blades    | 4 5 |  5.7
Fighting       | |  3.2
Armour         | |  2.1
Dodging        | |  2.0

Action                   |  1- 3 |  4- 6 || total
-------------------------+-------+-------++-------
Melee: Falchion          |    94 |    34 ||   128
Invok: Berserk           |     2 |     2 ||     4
 Stab: Sleeping          |     2 |     2 ||     4
  Eat: Chunk             |     4 |     5 ||     9
       Fruit             |     2 |       ||     2
Armor: Animal skin       |    15 |     2 ||    17
Dodge: Dodged            |    49 |    23 ||    72
       Rpst.: Falchion   |    14 |     4 ||    18
